Map: Automaton LE

Players

ThijsHS

  • Race: Terran Terran
  • League: Master
  • Spawn Location: 3:00

Björn - Winner!

  • Race: Zerg Zerg
  • League: Master
  • Spawn Location: 9:00

VOD

Have the link to the VOD?

Description

Time

  • Played on: Dec. 18, 2018, 8:11 a.m.
  • Length: 34:52
Show
View Real Time Build Order
Export as new Build Order

ThijsHS Terran 

Build Orders: Reaper Expand, Mech 

Get SALT Encoding   

  12  0:01  SCV  
  13  0:13  SCV  
  14  0:18  Supply Depot  
  14  0:25  SCV  
  15  0:40  SCV  
  15  0:41  Barracks  
  16  0:45  Refinery  
  16  0:52  SCV  
  17  1:04  SCV  
  18  1:16  SCV  
  19  1:28  Orbital Command  
  19  1:30  Reaper  
  20  1:42  Command Center  
  20  1:52  Barracks  
  20  1:55  SCV  
  21  2:04  Barracks Reactor  
  21  2:05  Refinery  
  21  2:08  SCV  
  22  2:13  Supply Depot  
  22  2:20  SCV  
  23  2:26  Factory  
  23  2:35  SCV  
  24  2:39  Marine x2  
  26  2:44  Barracks Tech Lab  
  26  2:47  SCV  
  27  2:55  Orbital Command  
  27  2:57  Marine x2  
  29  3:01  SCV  
  29  3:04  Marine  
  31  3:13  Stimpack, SCV  
  31  3:16  Marine  
  31  3:18  Marine  
  34  3:25  Starport  
  34  3:28  Factory Reactor  
  34  3:31  Marine  
  34  3:34  Marine  
  36  3:36  Marine  
  36  3:38  SCV  
  36  3:40  SCV  
  38  3:49  Marine  
  38  3:51  Marine, SCV  
  38  3:53  Supply Depot, SCV  
  38  3:54  Marine  
  43  4:03  SCV  
  43  4:04  Supply Depot  
  43  4:05  SCV  
  43  4:06  Marine  
  46  4:14  Medivac  
  46  4:16  SCV  
  49  4:18  Marine x2, SCV  
  52  4:24  Marine  
  52  4:26  Medivac  
  52  4:28  SCV  
  57  4:31  SCV  
  57  4:32  Supply Depot  
  57  4:36  Marine x2  
  59  4:40  SCV  
  59  4:42  Marine  
  59  4:43  SCV  
  62  4:51  Engineering Bay  
  62  4:53  Engineering Bay  
  62  4:54  Marine x2  
  62  4:55  SCV  
  62  4:57  SCV  
  66  5:00  Marine  
  66  5:02  Medivac  
  66  5:03  Factory Tech Lab  
  70  5:07  SCV  
  70  5:23  Command Center  
  70  5:32  Marine x3  
  70  5:33  SCV x2  
  67  5:39  Terran Infantry Weapons Level 1, Terran Infantry Armor Level 1  
  67  5:41  Medivac  
  69  5:45  Supply Depot x2  
  69  5:46  SCV  
  70  5:53  Combat Shield  
  70  5:58  Barracks  
  70  5:59  Barracks  
  70  6:04  Refinery  
  70  6:05  Refinery  
  70  6:07  Medivac, SCV x2  
  74  6:15  Marine x3  
  77  6:19  SCV x2  
  79  6:31  SCV x2  
  81  6:35  Marine x3, Supply Depot  
  81  6:36  Supply Depot, SCV  
  81  6:38  Siege Tank  
  88  6:43  SCV x2  
  88  6:46  Armory  
  90  6:54  Barracks Reactor x2  
  91  6:55  SCV x2  
  92  7:01  Command Center  
  92  7:02  Factory  
  92  7:08  Marine x3, SCV x2  
  98  7:16  Orbital Command  
  98  7:20  SCV x2  
  99  7:33  SCV x2  
  99  7:36  Marine x7  
  99  7:37  Siege Tank  
  111  7:40  Terran Vehicle Weapons Level 1, Factory  
  111  7:46  SCV x3  
  111  7:49  Supply Depot  
  111  7:50  Supply Depot  
  113  7:58  SCV x3  
  116  8:10  SCV  
  116  8:11  SCV x2, Refinery  
  119  8:17  Command Center  
  119  8:18  Siege Tank  
  118  8:22  Factory Tech Lab  
  118  8:23  SCV x3  
  118  8:25  Medivac x2, Supply Depot, Factory Tech Lab, SCV  
  118  8:26  Supply Depot  
  125  8:30  Refinery  
  125  8:34  Supply Depot  
  125  8:35  SCV  
  125  8:36  Supply Depot x2  
  125  8:39  SCV  
  128  8:41  SCV  
  128  8:43  SCV  
  128  8:48  Marine x2, SCV  
  130  8:51  SCV  
  130  8:53  SCV  
  134  8:55  SCV  
  134  9:00  SCV  
  136  9:05  SCV x2  
  139  9:12  SCV  
  139  9:17  Orbital Command, SCV  
  141  9:23  Marine x7, Missile Turret  
  147  9:29  Orbital Command  
  143  9:41  Marine x2  
  143  9:42  Supply Depot x4  
  143  9:43  Supply Depot, Siege Tank  
  148  9:46  Supply Depot  
  148  9:48  Supply Depot  
  148  9:53  Thor  
  148  9:54  Thor  
  148  9:56  Marine x2  
  162  10:01  Terran Vehicle Weapons Level 2  
  162  10:10  Missile Turret x2  
  162  10:11  Missile Turret  
  162  10:15  Siege Tank  
  162  10:20  Unknown x2  
  161  10:23  Marine x7  
  165  10:45  Siege Tank x2  
  165  10:47  Siege Tank  
  165  10:48  Marine x7  
  181  10:52  Supply Depot x2  
  181  10:53  Supply Depot  
  181  10:55  Supply Depot  
  144  11:06  Marine x7, Orbital Command  
  110  11:24  Marine x7  
  115  11:30  Siege Tank x2  
  121  11:32  Factory Tech Lab  
  121  11:34  Unknown x2  
  121  11:39  Barracks  
  121  11:40  Barracks  
  121  11:42  Marine x7  
  128  11:49  Engineering Bay  
  128  11:51  SCV x4, Engineering Bay  
  128  11:52  Supply Depot  
  132  12:00  Marine x7  
  139  12:02  Siege Tank x3  
  148  12:17  Marine x7  
  148  12:21  Missile Turret x2  
  155  12:23  Missile Turret  
  155  12:28  Marine x2  
  147  12:31  Missile Turret  
  147  12:33  Orbital Command  
  147  12:35  Marine x7, Siege Tank x2  
  118  12:39  Supply Depot  
  114  12:48  SCV  
  114  12:49  SCV  
  118  12:53  Marine x7  
  122  13:03  Barracks Tech Lab x2  
  122  13:04  Siege Tank  
  123  13:07  Siege Tank x2  
  123  13:10  Terran Infantry Weapons Level 2, Terran Infantry Armor Level 2  
  129  13:18  Marine x5  
  134  13:26  Missile Turret x2  
  134  13:27  Missile Turret  
  134  13:30  Drilling Claws  
  134  13:35  SCV x4  
  134  13:39  Siege Tank x2  
  134  13:40  Unknown  
  144  13:42  Unknown  
  144  13:46  Command Center  
  144  13:53  Missile Turret  
  144  13:56  Missile Turret  
  144  14:00  Marine x7  
  144  14:02  Refinery  
  151  14:10  Thor  
  151  14:13  Missile Turret  
  157  14:17  Ghost Academy  
  157  14:19  SCV x4  
  161  14:30  Sensor Tower  
  161  14:31  SCV x4  
  165  14:39  Barracks  
  165  14:40  Supply Depot  
  165  14:41  Barracks  
  165  14:56  Personal Cloaking, Command Center  
  165  15:00  Orbital Command  
  165  15:03  Ghost  
  167  15:07  Ghost  
  169  15:15  Missile Turret  
  169  15:17  Missile Turret  
  169  15:25  Missile Turret  
  169  15:28  Missile Turret  
  169  15:29  Ghost  
  169  15:34  Ghost  
  173  15:37  Unknown, Barracks Tech Lab x2  
  173  15:40  Missile Turret, Unknown  
  171  15:45  Ghost  
  88  15:57  Ghost  
  88  15:59  Orbital Command  
  73  16:10  Ghost  
  63  16:19  Ghost  
  65  16:30  Ghost  
  65  16:32  Supply Depot  
  67  16:37  Ghost  
  69  16:43  Siege Tank  
  69  16:46  Ghost  
  74  16:52  Ghost  
  76  16:56  Ghost  
  76  17:00  Siege Tank  
  81  17:05  Ghost  
  83  17:10  Ghost  
  83  17:13  Marine x4  
  89  17:20  Missile Turret  
  89  17:23  Missile Turret  
  89  17:28  Terran Infantry Weapons Level 3  
  89  17:35  Supply Depot  
  89  17:36  Ghost  
  91  17:45  Supply Depot, Ghost  
  91  17:46  SCV x2  
  91  17:51  Ghost  
  95  17:55  Ghost  
  99  17:58  Supply Depot  
  99  18:04  Supply Depot  
  99  18:07  Siege Tank  
  102  18:14  Planetary Fortress  
  102  18:20  Siege Tank  
  102  18:25  Supply Depot  
  102  18:26  Siege Tank  
  108  18:36  Supply Depot  
  108  18:41  Siege Tank  
  108  18:45  Supply Depot  
  108  18:46  Supply Depot  
  111  18:52  Siege Tank  
  111  18:53  Missile Turret  
  114  18:58  Siege Tank  
  117  19:07  SCV x5  
  117  19:08  Refinery x2  
  122  19:13  Siege Tank  
  122  19:15  Marine x2  
  127  19:20  Refinery  
  127  19:30  Unknown  
  127  19:31  Unknown x2, Siege Tank  
  130  19:44  Supply Depot  
  130  19:45  Siege Tank  
  133  19:53  Viking  
  133  19:55  Viking  
  132  20:06  Siege Tank  
  131  20:15  Siege Tank  
  134  20:23  Medivac  
  134  20:28  Command Center  
  136  20:29  Marine x7  
  136  20:31  Siege Tank  
  136  20:33  Unknown  
  136  20:34  Unknown x4  
  146  20:40  Siege Tank  
  149  20:45  Marine x4  
  149  20:49  Unknown x4  
  153  20:53  Siege Tank  
  156  20:59  Viking  
  158  21:06  Siege Tank  
  161  21:14  Siege Tank  
  164  21:25  Siege Tank  
  167  21:34  Terran Ship Weapons Level 1  
  167  21:38  Siege Tank  
  170  21:46  Viking  
  172  21:53  Siege Tank  
  175  22:04  Unknown x2, Siege Tank  
  174  22:09  Unknown  
  160  22:17  Ghost  
  162  22:31  Siege Tank  
  165  22:43  Siege Tank  
  168  22:57  Siege Tank  
  162  23:10  Siege Tank  
  165  23:19  Medivac  
  167  23:22  SCV  
  167  23:33  Medivac  
  169  23:45  Siege Tank  
  172  23:52  Marine  
  172  23:53  Unknown x2  
  172  24:02  Siege Tank  
  169  24:14  Siege Tank  
  137  24:26  Siege Tank  
  112  24:34  Marine x2  
  108  24:45  Siege Tank  
  92  24:46  Marine  
  92  24:52  Marine x3  
  96  25:03  Missile Turret  
  96  25:06  Siege Tank  
  99  25:08  Marine  
  99  25:14  Ghost  
  100  25:20  Viking  
  104  25:24  Siege Tank  
  107  25:30  Siege Tank  
  110  25:38  Marine x2, Siege Tank  
  110  25:39  Marine  
  116  25:47  Viking  
  117  25:50  Unknown x3  
  117  25:56  Siege Tank  
  120  26:02  Siege Tank  
  123  26:13  Siege Tank  
  123  26:18  Unknown x4  
  126  26:27  Marine x7  
  133  26:33  Siege Tank  
  133  26:34  Refinery x2  
  133  26:38  Orbital Command  
  133  26:43  Siege Tank  
  136  26:50  Marine x4  
  140  26:58  Siege Tank  
  129  27:02  Marine x3  
  132  27:10  Marine x5, Siege Tank  
  132  27:15  Marine x3  
  143  27:23  Siege Tank  
  143  27:25  SCV x3  
  143  27:26  SCV  
  150  27:35  Siege Tank  
  153  27:45  Siege Tank  
  153  27:46  Marine x6  
  162  27:55  Siege Tank  
  158  28:14  Marauder x2, Command Center  
  158  28:15  Marine  
  158  28:18  Medivac  
  168  28:33  Viking  
  164  28:43  Marauder x3  
  164  28:45  Unknown x7  
  169  28:48  Viking  
  168  28:59  Marine x3  
  168  29:00  Marauder x2  
  175  29:03  Viking  
  175  29:04  Marauder  
  175  29:05  Marine  
  180  29:18  Viking  
  181  29:31  Marauder x3  
  187  29:37  Unknown  
  183  29:51  Marine, Marauder  
  149  29:57  Marine x2  
  123  30:19  Viking  
  121  30:31  Viking  
  115  30:47  Unknown  
  115  30:49  Viking  
  117  30:58  Missile Turret  
  117  31:11  Viking  
  119  31:24  Viking  
  117  31:41  Viking  
  116  31:54  Viking  
  115  32:10  Viking  
  106  32:17  Ghost x2  
  110  32:24  Viking  
  112  32:35  Marine x4  
  116  32:41  Marauder  
  118  32:47  Viking  
  120  32:54  Viking  
  120  32:57  Ghost  
  124  33:02  Ghost, Unknown  
  126  33:09  Ghost  
  126  33:11  Unknown  
  128  33:12  Ghost  
  128  33:18  Viking  
  128  33:19  Marine  
  104  33:26  Viking  
  75  33:31  Ghost  
  69  33:34  Ghost  
  71  33:41  Ghost  
  71  33:48  Viking  
  74  33:57  Viking  
  70  34:07  Ghost  
  66  34:15  Ghost  
Show
View Real Time Build Order
Export as new Build Order

Björn Zerg - Winner!

Build Orders: Hatch First, Muta Ling Bane 

Get SALT Encoding   

  12  0:02  Drone  
  13  0:13  Overlord  
  13  0:18  Drone  
  14  0:32  Drone x2  
  16  0:50  Hatchery  
  16  0:53  Drone  
  16  0:56  Drone  
  17  1:00  Drone  
  18  1:10  Extractor  
  17  1:16  Spawning Pool  
  16  1:19  Drone  
  16  1:22  Drone  
  18  1:31  Drone  
  19  1:41  Drone  
  20  1:51  Overlord  
  20  2:03  Queen  
  20  2:04  Queen  
  20  2:05  Zergling x4  
  26  2:12  Metabolic Boost  
  26  2:14  Zergling x2  
  27  2:15  Drone  
  28  2:23  Drone  
  28  2:26  Drone  
  30  2:38  Spore Crawler  
  30  2:40  Drone x2  
  32  2:44  Overlord  
  32  2:45  Queen  
  34  3:01  Hatchery  
  34  3:04  Drone x3  
  36  3:08  Drone x2  
  38  3:19  Drone x4  
  42  3:22  Overlord  
  42  3:25  Overlord  
  42  3:38  Drone x2  
  44  3:44  Drone x2  
  44  3:48  Drone  
  47  3:49  Baneling Nest  
  47  3:50  Drone  
  47  3:54  Drone x6  
  53  3:57  Queen  
  53  4:00  Drone  
  56  4:05  Overlord  
  55  4:22  Evolution Chamber  
  55  4:25  Drone x9, Evolution Chamber  
  63  4:34  Overlord  
  63  4:35  Overlord  
  63  4:38  Queen  
  65  4:39  Queen  
  65  4:41  Overlord x2  
  65  4:43  Zergling x4  
  69  4:50  Queen  
  71  4:57  Zerg Melee Weapons Level 1, Zerg Ground Armor Level 1  
  71  4:58  Zergling x10  
  76  5:04  Zergling x10  
  81  5:17  Drone x3  
  81  5:18  Baneling Nest, Queen  
  81  5:20  Queen  
  87  5:25  Zergling x4  
  89  5:31  Drone x5  
  89  5:32  Drone x2  
  94  5:38  Drone  
  94  5:40  Extractor  
  94  5:41  Extractor  
  94  5:42  Drone x4, Extractor  
  96  5:43  Extractor  
  96  5:45  Spore Crawler  
  94  5:50  Extractor  
  94  5:51  Hatchery  
  94  5:53  Lair  
  92  5:57  Drone x6  
  98  6:08  Zergling x10  
  98  6:11  Overlord x3  
  103  6:25  Spore Crawler  
  103  6:30  Queen  
  103  6:33  Baneling  
  103  6:37  Drone x2  
  103  6:38  Spore Crawler  
  103  6:39  Spore Crawler, Zergling x26  
  116  6:49  Zergling x6  
  116  6:50  Spore Crawler  
  116  6:51  Spore Crawler  
  118  6:54  Drone  
  118  6:57  Zerg Melee Weapons Level 2, Zerg Ground Armor Level 2  
  118  6:58  Centrifical Hooks  
  118  7:00  Drone x2, Spire  
  119  7:02  Drone  
  119  7:09  Zergling x12  
  125  7:15  Drone  
  125  7:21  Overseer  
  126  7:25  Overlord x3  
  126  7:26  Overlord, Queen  
  126  7:43  Overseer  
  126  7:45  Zergling x24  
  137  7:53  Zergling x14  
  137  7:59  Baneling x4  
  131  8:05  Zergling x10  
  131  8:06  Zergling x6  
  139  8:15  Zerg Flyer Weapons Level 1  
  139  8:16  Zergling x16  
  146  8:40  Mutalisk x6  
  146  8:41  Mutalisk  
  158  8:43  Overlord x4  
  158  8:46  Baneling  
  158  8:47  Baneling x13, Infestation Pit  
  158  9:06  Mutalisk x6  
  170  9:12  Mutalisk  
  170  9:15  Mutalisk  
  174  9:24  Hatchery, Mutalisk  
  173  9:28  Mutalisk  
  176  9:41  Pneumatized Carapace  
  176  9:49  Hive  
  176  10:03  Mutalisk x3  
  176  10:05  Zergling x18  
  176  10:06  Overlord  
  191  10:07  Overlord x2  
  188  10:30  Baneling x20  
  188  10:38  Mutalisk  
  190  10:44  Baneling x4  
  190  10:45  Baneling  
  190  10:49  Zergling x24  
  166  11:05  Mutalisk x3  
  157  11:11  Mutalisk  
  147  11:21  Mutalisk x2  
  147  11:27  Zergling x26  
  160  11:33  Zerg Melee Weapons Level 3, Extractor  
  160  11:34  Zergling x4  
  160  11:35  Zergling x12, Queen, Extractor  
  171  11:40  Zergling x6  
  171  11:43  Drone  
  172  11:48  Zergling x12  
  172  11:49  Zergling x2  
  172  11:50  Adrenal Glands  
  179  11:55  Zergling x8  
  179  11:56  Zergling x2  
  179  12:00  Hatchery  
  183  12:08  Zergling x10  
  183  12:09  Zergling x10  
  183  12:11  Baneling x5  
  193  12:19  Drone x4  
  168  12:31  Zergling x20  
  160  12:38  Zergling x10  
  150  12:49  Zerg Ground Armor Level 3  
  150  12:52  Ultralisk Cavern  
  150  12:57  Zergling x12  
  152  13:34  Drone x3  
  155  13:36  Baneling x13  
  155  13:43  Chitinous Plating  
  155  13:48  Ultralisk x3  
  179  13:55  Ultralisk  
  179  14:03  Ultralisk  
  185  14:11  Ultralisk  
  191  14:32  Ultralisk  
  197  14:42  Zergling x4  
  199  14:47  Overseer  
  199  14:48  Overseer  
  199  15:01  Anabolic Synthesis  
  199  15:07  Baneling x15  
  199  15:08  Baneling x28  
  199  15:09  Baneling x14  
  199  15:10  Baneling  
  199  15:14  Hatchery  
  197  15:48  Ultralisk x2  
  197  15:49  Ultralisk x2  
  166  15:54  Zergling x22  
  166  15:55  Zergling x16  
  134  16:09  Ultralisk  
  129  16:16  Baneling x7  
  115  16:31  Drone x6  
  121  16:34  Drone  
  121  16:36  Corruptor  
  121  16:37  Corruptor  
  126  16:42  Pathogen Glands  
  126  16:44  Greater Spire  
  126  16:52  Drone  
  126  16:57  Corruptor x2  
  126  16:59  Overseer  
  126  17:00  Overseer  
  130  17:01  Zergling x6  
  130  17:02  Zergling x4  
  130  17:05  Drone  
  130  17:08  Drone x4  
  140  17:13  Burrow  
  140  17:16  Drone x5  
  145  17:34  Hatchery  
  144  17:39  Ultralisk x2  
  144  17:40  Zergling x8  
  144  17:43  Drone x3  
  163  17:46  Drone  
  163  17:47  Drone x3  
  163  17:50  Extractor x2  
  165  18:08  Overseer  
  165  18:09  Corruptor x3  
  165  18:12  Queen x3  
  177  18:41  Neural Parasite  
  177  18:42  Zerg Flyer Armor Level 1  
  177  18:54  Brood Lord x2  
  183  18:55  Brood Lord  
  183  19:00  Drone x2  
  185  19:03  Spore Crawler  
  184  19:14  Hatchery  
  184  19:17  Spore Crawler, Overseer  
  182  19:25  Extractor x2  
  182  19:26  Hatchery  
  182  19:30  Brood Lord  
  182  19:31  Brood Lord x3  
  187  19:36  Drone x3  
  187  19:37  Drone x4  
  194  19:41  Spore Crawler x3  
  194  19:42  Spore Crawler  
  194  19:43  Spore Crawler x2  
  188  20:03  Infestor x3  
  174  20:20  Infestor  
  174  20:21  Infestor x3  
  183  20:46  Corruptor x3  
  183  20:49  Hatchery  
  188  20:59  Spore Crawler  
  188  21:01  Drone  
  188  21:02  Drone x2  
  188  21:03  Spine Crawler x3  
  187  21:04  Spine Crawler  
  187  21:06  Baneling x2  
  187  21:07  Baneling x4  
  186  21:17  Corruptor, Extractor  
  187  21:21  Extractor  
  186  21:35  Drone x3  
  181  21:59  Infestor x7  
  181  22:00  Spore Crawler  
  157  22:14  Corruptor x7  
  157  22:15  Corruptor x3  
  145  22:25  Drone x11  
  145  22:26  Extractor  
  145  22:27  Extractor  
  154  22:30  Drone x3  
  154  22:32  Zerg Flyer Armor Level 2  
  157  22:37  Zergling x12  
  157  22:38  Zergling x6  
  164  22:52  Overseer  
  164  22:57  Zergling x2  
  164  22:58  Zergling x16  
  172  23:02  Baneling x13  
  172  23:03  Overlord x5  
  170  23:13  Drone  
  170  23:16  Overseer  
  171  23:30  Overseer  
  171  23:38  Overseer  
  171  23:39  Brood Lord  
  171  23:40  Brood Lord x6  
  185  23:49  Zergling x30  
  200  24:00  Zergling x12  
  196  24:09  Zergling x12  
  189  24:10  Zergling x16  
  166  24:17  Zergling x24  
  166  24:22  Zergling x34  
  165  24:26  Corruptor x2  
  165  24:27  Corruptor x6  
  165  24:30  Zergling x2  
  172  24:34  Ultralisk x2, Zergling x4  
  172  24:35  Zergling x2, Queen x3  
  192  24:43  Queen x3  
  192  24:44  Zergling x6  
  192  24:45  Hatchery, Zergling x10  
  197  24:53  Corruptor  
  197  24:57  Drone  
  200  25:20  Zerg Flyer Armor Level 3  
  200  25:39  Baneling x4  
  200  25:44  Hatchery  
  199  25:58  Drone  
  200  26:07  Overseer  
  200  26:14  Baneling  
  200  26:15  Baneling x11  
  200  26:28  Zerg Missile Weapons Level 1  
  135  27:06  Viper x3  
  135  27:10  Queen x3  
  135  27:13  Ultralisk x4  
  135  27:14  Ultralisk x5  
  195  27:16  Drone x3  
  195  27:18  Drone x2  
  197  27:50  Spore Crawler, Spine Crawler  
  195  27:53  Spore Crawler  
  195  27:57  Hatchery, Zerg Flyer Weapons Level 2  
  193  28:01  Brood Lord x2  
  197  28:05  Overlord  
  181  29:52  Zergling x20  
  143  29:53  Zergling x14  
  143  29:59  Ultralisk x6  
  184  30:00  Queen x2  
  188  30:20  Overlord x5  
  188  30:38  Zerg Flyer Weapons Level 3  
  188  30:40  Spore Crawler x2  
  186  30:48  Drone x3  
  189  30:52  Spore Crawler  
  189  30:54  Spore Crawler  
  183  31:01  Baneling x2, Corruptor  
  183  31:02  Baneling x8, Corruptor x7  
  198  31:12  Zergling x2  
  198  31:16  Baneling x9  
  198  31:17  Overseer  
  199  31:20  Overlord x2, Overseer  
  188  31:53  Drone x3  
  191  31:55  Drone x3  
  191  31:59  Zergling x12  
  199  32:27  Drone, Extractor  
  199  32:29  Extractor  
  195  33:00  Brood Lord x2  
  199  33:11  Unknown  
  192  33:19  Corruptor x13  
  198  33:31  Corruptor x3  
  198  33:46  Hatchery  
  197  33:54  Hatchery  
  196  34:07  Zergling x4  
  196  34:08  Zergling x10  
  197  34:12  Overseer x2  
  197  34:18  Corruptor x2  
  198  34:33  Extractor  
  198  34:34  Extractor  
Tags
 
Add a new tag
Caveats
  • Supply blocks, unpowered buildings, or Contaminate may cause inaccurate times.
  • Supply counts are checked every 10 seconds.